 Dungeon Crawl Stone Soup version 0.16-a0-3913-g9d9d7ce (console) character file.

10315 Monkaria the Severer (level 11, -15/93 HPs)
             Began as a Hill Orc Fighter on Feb 4, 2015.
             Was an Elder of Makhleb.
             Demolished by a white ugly thing (31 damage)
             ... on level 11 of the Dungeon.
             The game lasted 00:54:48 (12195 turns).

Monkaria the Severer (Hill Orc Fighter)            Turns: 12195, Time: 00:54:48

Health: -15/93     AC: 19    Str: 27    XL:     11   Next: 60%
Magic:  16/16      EV:  7    Int:  8    God:    Makhleb [****..]
Gold:   230        SH:  0    Dex: 12    Spells: 0 memorised, 10 levels left

rFire  x . .     SeeInvis .     B - +9 war axe {freeze, rElec rPois+ rF-}
rCold  . . .     Clarity  +     A - +0 plate armour
rNeg   + + .     SustAb   .     (no shield)
rPois  +         Gourm    .     (no helmet)
rElec  +         Spirit   .     (no cloak)
rCorr  .         Warding  .     C - +1 pair of gloves of the Eight Boll Weevils {rN++ MP-9 Str+4}
rMut   .         Stasis   .     (no boots)
MR     .....                    (no amulet)
Stlth  ..........               n - +2 ring of dexterity
                                f - +2 ring of protection

@: not resistant to hostile enchantments, extremely unstealthy
A: icy blue scales 1, clarity, spit poison 1, MP-powered wands 1
a: Spit Poison, Minor Destruction, Lesser Servant of Makhleb, Major Destruction,
Renounce Religion


You were on level 11 of the Dungeon.
You worshipped Makhleb.
Makhleb was greatly pleased with you.
You were not hungry.

You visited 2 branches of the dungeon, and saw 12 of its levels.
You also visited: Ossuary and Bailey.

You collected 751 gold pieces.
You spent 521 gold pieces at shops.

Inventory:

Hand weapons
 a - a +0 war axe
 x - a +0 blowgun
 B - the +9 war axe "Goucrit" (weapon) {freeze, rElec rPois+ rF-}
   (You found it on level 7 of the Dungeon)

   It has been specially enchanted to freeze those struck by it, causing extra
   injury to most foes and up to half again as much damage against particularly
   susceptible opponents.
   It can also slow down cold-blooded creatures.
   It makes you vulnerable to fire.
   It insulates you from electricity.
   It protects you from poison.
 E - a +0 battleaxe
Missiles
 g - 3 curare-tipped needles
 v - 3 needles of sleeping
 y - 17 poisoned needles
Armour
 c - a +0 shield
 l - a +0 pair of gloves
 z - the -5 pair of gloves "Ziunar" {rPois+ MR+ Str+3}
   (You found it on level 4 of the Dungeon)

   It affects your strength (+3).
   It protects you from poison.
   It affects your resistance to hostile enchantments.
 A - a +0 plate armour (worn)
 C - the +1 pair of gloves of the Eight Boll Weevils (worn) {rN++ MP-9 Str+4}
   (You bought it in a shop on level 11 of the Dungeon)

   It affects your strength (+4).
   It greatly protects you from negative energy.
   It affects your magic capacity (-9).
Jewellery
 f - a +2 ring of protection (left hand)
 n - a +2 ring of dexterity (right hand)
 s - an uncursed ring of sustain abilities
 Q - an uncursed ring of flight
Magical devices
 h - a wand of magic darts (14)
 K - a wand of polymorph (15)
 L - a wand of paralysis (9)
 P - a wand of slowing (19)
 T - a wand of frost (17)
Scrolls
 i - 3 scrolls of enchant weapon
 m - 4 scrolls of enchant armour
 o - 3 scrolls of remove curse
 p - a scroll of noise
 r - 9 scrolls of teleportation
 u - 2 scrolls of blinking
 w - a scroll of fog
 F - a scroll of recharging
 H - 3 scrolls of fear
Potions
 t - a potion of restore abilities
 D - 3 potions of agility
 G - 3 potions of flight
 I - 2 potions of might
 J - a potion of brilliance
Books
 R - a book of Flames

   Spells                             Type                      Level
   a - Flame Tongue                   Conjuration/Fire             1
   b - Throw Flame                    Conjuration/Fire             2
   c - Conjure Flame                  Conjuration/Fire             3
   d - Inner Flame                    Hexes/Fire                   3
   e - Sticky Flame                   Conjuration/Fire             4
   f - Fireball                       Conjuration/Fire             5
Miscellaneous
 e - a crystal ball of energy
 S - a plain deck of war {the Helm}
Comestibles
 d - 4 meat rations
 j - 3 chunks of flesh
 k - 9 bread rations
 q - 6 beef jerkies


   Skills:
 - Level 7.6 Fighting
 - Level 15.5 Axes
 - Level 9.2 Armour
 - Level 3.2 Shields
 + Level 11.0 Invocations


You had 10 spell levels left.
You didn't know any spells.

Dungeon Overview and Level Annotations

Branches:
Dungeon (11/15)            Temple (1/1) D:5            Lair (0/8) D:10
    Orc (0/4) D:9

Altars:
Ashenzari
Cheibriados
Dithmenos
Elyvilon
Fedhas
Gozag
Kikubaaqudgha
Makhleb
Nemelex Xobeh
Okawaru
Qazlal
Ru
Sif Muna
Trog
Vehumet
Xom
Yredelemnul
Zin
The Shining One

Shops:
D:2 *   D:11 *


Innate Abilities, Weirdness & Mutations

You are partially covered in icy blue scales (AC +1).
You possess an exceptional clarity of mind.
You can spit poison.
You expend magic power (3 MP) to slightly strengthen your wands.


Message History

You kill the komodo dragon!
Makhleb accepts your kill.
You feel a little better.
Your Invocations skill increases to level 11!
You hit the white ugly thing.
The white ugly thing is heavily wounded.
The white ugly thing trunk-slaps you. The white ugly thing freezes you!!
You closely miss the white ugly thing.
The white ugly thing is heavily wounded.
The white ugly thing trunk-slaps you but does no damage.
You hit the white ugly thing. You freeze the white ugly thing.
The white ugly thing is heavily wounded.
The white ugly thing trunk-slaps you! The white ugly thing freezes you!!
* * * LOW HITPOINT WARNING * * *
You slash the white ugly thing! You freeze the white ugly thing.
The white ugly thing is severely wounded.
The white ugly thing trunk-slaps you.
* * * LOW HITPOINT WARNING * * *
The white ugly thing freezes you!!
You die...

+...+....+ . #
##.##....#
#.######.#...###
#........+...#
.##........# .
........(..#.
.##.####>###..
#.####.#....#
#....@.+....+
#+##u###....#
#O#.....#
+.gg....+
#+#.....#
+...........#
#...........#
#...........+
............#


You could see a white ugly thing and an ogre.

Vanquished Creatures
  A death yak (D:10)
  The ghost of Ololoev the Basher, an experienced OgHu of Okawaru (D:6)
  3 orc knights (Bailey)
  A kobold demonologist (D:11)
  A komodo dragon (D:11)
  A wyvern (D:9)
  2 yaks (D:10)
  Eustachio (D:7)
  A hungry ghost (D:7)
  Menkaure (D:4)
  A porcupine (D:10)
  15 orc warriors
  3 ice beasts
  3 sky beasts
  4 ogres
  A necrophage (D:9)
  A black bear (D:7)
  An eye of draining (D:9)
  A wasp (D:10)
  6 centaurs
  4 giant frogs
  2 big kobolds (D:8)
  2 water moccasin zombies (Ossuary)
  2 scorpions
  3 killer bees (D:8)
  A water moccasin skeleton (D:9)
  10 wights (D:8)
  7 crimson imps
  3 giant frog zombies
  2 goliath beetles (D:7)
  A jelly (D:10)
  A centaur zombie (D:7)
  3 quasits
  2 centaur skeletons
  5 hounds
  9 orc priests
  10 orc wizards
  5 iguanas
  A sheep (D:10)
  7 worker ants
  2 big kobold zombies (Ossuary)
  A killer bee zombie (D:8)
  3 hound skeletons
  4 mummies
  13 adders
  10 gnolls
  A giant mite (D:4)
  3 shadow imps
  A worm (D:3)
  An ufetubus (D:11)
  7 adder zombies (Ossuary)
  2 adder skeletons
  2 giant geckos
  2 oozes
  64 orcs
  2 bat skeletons
  A bat zombie (D:7)
  14 hobgoblins
  7 jackals
  26 kobolds
  7 quokkas
  14 bats
  8 giant cockroaches
  3 giant newts
  A giant spore (D:6)
  18 goblins
  A goblin zombie (D:6)
  8 hobgoblin zombies (Ossuary)
  2 jackal zombies (D:6)
  2 kobold zombies (Ossuary)
  9 orc zombies (Ossuary)
  A quokka skeleton (D:9)
  A quokka zombie (D:7)
  16 rats
  A ballistomycete (D:6)
387 creatures vanquished.

Vanquished Creatures (collateral kills)
  A porcupine (D:10)
  A rat (D:10)
2 creatures vanquished.

Vanquished Creatures (others)
  An orc wizard (D:7)
  A ballistomycete (D:6)
  4 toadstools (D:1)
6 creatures vanquished.

Grand Total: 395 creatures vanquished

Notes
Turn   | Place    | Note
--------------------------------------------------------------
     0 | D:1      | Monkaria, the Hill Orc Fighter, began the quest for the Orb.
     0 | D:1      | Reached XP level 1. HP: 19/19 MP: 1/1
   395 | D:1      | Reached skill level 4 in Fighting
   395 | D:1      | Reached XP level 2. HP: 27/27 MP: 2/2
   897 | D:2      | Reached XP level 3. HP: 33/33 MP: 3/3
   965 | D:2      | Found an opulent altar of Gozag.
   966 | D:2      | Found Gozag's Platinum Reserve.
  1359 | D:2      | Reached skill level 5 in Axes
  1507 | D:2      | Reached XP level 4. HP: 40/40 MP: 4/4
  1731 | D:2      | Found a deep blue altar of Sif Muna.
  1832 | D:3      | Found an iron altar of Okawaru.
  1833 | D:3      | Found a basalt altar of Yredelemnul.
  1835 | D:3      | Found a radiant altar of Vehumet.
  1944 | D:3      | Reached skill level 6 in Axes
  1944 | D:3      | Reached XP level 5. HP: 20/46 MP: 5/5
  2505 | D:4      | Reached skill level 7 in Axes
  3023 | D:4      | Reached skill level 8 in Axes
  3023 | D:4      | Reached XP level 6. HP: 37/52 MP: 6/6
  3333 | D:4      | Noticed Menkaure
  3351 | D:4      | Got a pair of fine gloves
  3395 | D:3      | Identified the -5 pair of gloves "Ziunar" {rPois+ MR+ Str+3} (You found it on level 4 of the Dungeon)
  3616 | D:4      | Killed Menkaure
  3616 | D:4      | Reached skill level 9 in Axes
  3642 | D:4      | You fall through a shaft for 3 floors!
  3688 | D:7      | Found a sacrificial altar of Ru.
  3712 | D:7      | Reached XP level 7. HP: 57/59 MP: 7/7
  4078 | D:7      | Reached skill level 10 in Axes
  4571 | D:7      | Reached skill level 11 in Axes
  4828 | D:7      | Reached XP level 8. HP: 40/66 MP: 8/8
  5040 | D:7      | Noticed Eustachio
  5054 | D:7      | Killed Eustachio
  5054 | D:7      | Reached skill level 12 in Axes
  5067 | D:7      | Got a shimmering war axe
  5084 | D:7      | Identified the +9 war axe "Goucrit" {freeze, rElec rPois+ rF-} (You found it on level 7 of the Dungeon)
  5310 | D:7      | Reached skill level 13 in Axes
  5992 | D:6      | Noticed Ololoev's ghost (experienced OgHu)
  6097 | D:6      | Killed Ololoev's ghost
  6097 | D:6      | Reached skill level 14 in Axes
  6097 | D:6      | Reached XP level 9. HP: 53/71 MP: 9/9
  6285 | D:6      | Reached skill level 15 in Axes
  6380 | D:6      | Found a sand-covered staircase.
  6385 | Ossuary  | Entered an ossuary
  6731 | D:6      | Reached skill level 5 in Fighting
  7017 | D:5      | Entered Level 5 of the Dungeon
  7359 | D:5      | Reached XP level 10. HP: 86/86 MP: 10/10
  7398 | D:5      | Found a staircase to the Ecumenical Temple.
  7403 | Temple   | Entered the Ecumenical Temple
  7764 | D:5      | Found a burning altar of Makhleb.
  7770 | D:5      | Became a worshipper of Makhleb the Destroyer
  8214 | D:8      | Acquired Makhleb's first power
  8269 | D:8      | Reached skill level 5 in Armour
  8308 | D:8      | Found a glowing silver altar of Zin.
  8485 | D:8      | Acquired Makhleb's second power
  8764 | D:9      | Gained mutation: You are partially covered in icy blue scales (AC +1). [mutagenic meat]
  8824 | D:9      | Found a sparkling altar of Nemelex Xobeh.
  8991 | D:9      | Found a shimmering altar of Xom.
  8991 | D:9      | Found a shimmering altar of Xom.
  8993 | D:9      | Found a shimmering altar of Xom.
  8993 | D:9      | Found a shimmering altar of Xom.
  8993 | D:9      | Found a shimmering altar of Xom.
  9001 | D:9      | Found a shimmering altar of Xom.
  9002 | D:9      | Found a shimmering altar of Xom.
  9004 | D:9      | Acquired Makhleb's third power
  9113 | D:9      | Found a staircase to the Orcish Mines.
  9183 | D:9      | Found a shadowy altar of Dithmenos.
  9372 | D:10     | Entered Level 10 of the Dungeon
  9383 | D:10     | Noticed a death yak
  9387 | D:10     | Reached skill level 1 in Invocations
  9402 | D:10     | Killed a death yak
  9402 | D:10     | Reached skill level 5 in Invocations
  9402 | D:10     | Reached XP level 11. HP: 83/93 MP: 12/20
  9454 | D:10     | Acquired Makhleb's fourth power
  9517 | D:10     | Found a flagged portal.
  9531 | Bailey   | Entered a bailey
  9531 | Bailey   | Noticed an orc knight
  9533 | Bailey   | Noticed an orc knight
 10224 | Bailey   | Gained mutation: You expend magic power (3 MP) to slightly strengthen your wands. [potion of mutation]
 10224 | Bailey   | Gained mutation: You possess an exceptional clarity of mind. [potion of mutation]
 10224 | Bailey   | Gained mutation: You can spit poison. [potion of mutation]
 11273 | Bailey   | Killed an orc knight
 11358 | Bailey   | Killed an orc knight
 11492 | Bailey   | Noticed an orc knight
 11504 | Bailey   | Killed an orc knight
 11639 | D:10     | Reached skill level 10 in Invocations
 11672 | D:10     | Found a staircase to the Lair.
 11994 | D:11     | Found Praoc's Assorted Antiques.
 12015 | D:11     | Bought a scroll of identify for 64 gold pieces
 12015 | D:11     | Bought a scroll of identify for 64 gold pieces
 12015 | D:11     | Bought a scroll labeled TIARUPN RASM for 32 gold pieces
 12015 | D:11     | Bought a pair of fine gloves for 304 gold pieces
 12015 | D:11     | Bought 2 fuming yellow potions for 57 gold pieces
 12035 | D:11     | Identified the +1 pair of gloves of the Eight Boll Weevils {rN++ MP-9 Str+4} (You bought it in a shop on level 11 of the Dungeon)
 12195 | D:11     | Demolished by a white ugly thing

Action                   |  1- 3 |  4- 6 |  7- 9 | 10-12 || total
-------------------------+-------+-------+-------+-------++-------
Melee: War axe           |    94 |   215 |   319 |   303 ||   931
 Fire: Blowgun           |       |       |       |    10 ||    10
Throw: Throwing net      |       |       |     1 |       ||     1
Invok: Lesser Servant of |       |       |       |     1 ||     1
 Abil: Spit Poison       |       |       |       |    63 ||    63
  Use: Scroll            |       |     6 |     7 |    10 ||    23
       Potion            |       |       |     3 |    11 ||    14
 Stab: Distracted        |       |       |       |     1 ||     1
  Eat: Chunk             |     2 |     7 |    12 |    13 ||    34
       Fruit             |       |       |       |     5 ||     5
       Beef jerky        |       |       |       |     2 ||     2
       Royal jelly       |       |       |       |     1 ||     1
